TOP OF THE 1ST |
Texas Tech Red Raiders batting - Pitching for Clemson Tigers : RHP Tony Fullerton
|
Pitching: RHP Tony Fullerton
|
|
Batting: RHB Travis Ezell
|
0-0: Swinging Strike 0-1: Ball 1-1: Ball 2-1: Fly out, F4 (Line Drive, 4)
|
Batting: RHB Greg Hansen
|
0-0: Swinging Strike 0-1: Ball 1-1: Ball 2-1: Swinging Strike 2-2: Strikes out swinging
|
Batting: RHB Mark Joseph
|
0-0: Called Strike 0-1: Foul Ball, location: 2F 0-2: Ground out 6-3 (Groundball, 6)
|
Top of the 1st over - 0 run(s), 0 hit(s), 0 error(s), 0 left on base; Texas Tech 0 - Clemson 0 |
BOTTOM OF THE 1ST |
Clemson Tigers batting - Pitching for Texas Tech Red Raiders : RHP Jorge Ramírez
|
Pitching: RHP Jorge Ramírez
|
|
Batting: RHB Wayne Scott
|
0-0: Swinging Strike 0-1: Ball 1-1: SOLO HOME RUN (Flyball, 78XD), Distance : 366 ft
|
Batting: SHB Kenneth Cruz
|
0-0: Foul Ball, location: 2F 0-1: Foul Ball, location: 2F 0-2: Strikes out swinging
|
Batting: LHB Wally Harris
|
0-0: Ball 1-0: Ground out 4-3 (Groundball, 4M)
|
Batting: RHB Leonard Harris
|
0-0: Ball 1-0: Ball 2-0: Ball 3-0: Called Strike 3-1: Base on Balls
|
Batting: LHB Peter Puckett
|
0-0: Called Strike 0-1: Foul Ball, location: 2F 0-2: Strikes out looking
|
Bottom of the 1st over - 1 run(s), 1 hit(s), 0 error(s), 1 left on base; Texas Tech 0 - Clemson 1 |
TOP OF THE 2ND |
Texas Tech Red Raiders batting - Pitching for Clemson Tigers : RHP Tony Fullerton
|
Batting: LHB Jeff Barnes
|
0-0: Swinging Strike 0-1: Swinging Strike 0-2: Foul Ball, location: 2F 0-2: Ground out 3-1 (Groundball, 3)
|
Batting: RHB Gary Miller
|
0-0: Ball 1-0: Ball 2-0: Called Strike 2-1: Swinging Strike 2-2: Foul Ball, location: 2F 2-2: Ball 3-2: Base on Balls
|
Pitching: RHP Jaime Molaya
|
|
Batting: RHB Eliot James
|
0-0: Called Strike 0-1: Ball 1-1: Swinging Strike 1-2: Foul Ball, location: 2F 1-2: Grounds into double play, 6-4-3 (Groundball, 6M)
|
Top of the 2nd over - 0 run(s), 0 hit(s), 0 error(s), 0 left on base; Texas Tech 0 - Clemson 1 |
BOTTOM OF THE 2ND |
Clemson Tigers batting - Pitching for Texas Tech Red Raiders : RHP Jorge Ramírez
|
Batting: LHB Frank Vázquez
|
0-0: Foul Ball, location: 2F 0-1: SINGLE (Line Drive, 8RS)
|
Batting: RHB James Taylor
|
0-0: Ball 1-0: Ball 2-0: Ground out 4-3 (Groundball, 4M) Frank Vázquez to second
|
Batting: RHB Armando Vega
|
0-0: Ground out 1-3 (Groundball, 15S)
|
Batting: LHB Jeff Thompson
|
0-0: Called Strike 0-1: Ball 1-1: Fly out, F7 (Flyball, 78S)
|
Bottom of the 2nd over - 0 run(s), 1 hit(s), 0 error(s), 1 left on base; Texas Tech 0 - Clemson 1 |
TOP OF THE 3RD |
Texas Tech Red Raiders batting - Pitching for Clemson Tigers : RHP Jaime Molaya
|
Batting: SHB Andrés Cruz
|
0-0: Foul Ball, location: 2F 0-1: Foul Ball, location: 2F 0-2: Ball 1-2: DOUBLE (Flyball, 89M)
|
Batting: RHB Cameron Irwin
|
0-0: Called Strike 0-1: Foul Ball, location: 2F 0-2: Ball 1-2: Ball 2-2: Strikes out swinging
|
Batting: SHB Mike Miller
|
0-0: Ball 1-0: Foul Ball, location: 2F 1-1: Called Strike 1-2: Strikes out looking
|
Batting: RHB Travis Ezell
|
0-0: Foul Ball, location: 2F 0-1: SINGLE (Groundball, 56D) Andrés Cruz to third Runner from 3rd tries for Home, SAFE, no throw or cutoff
|
Batting: RHB Greg Hansen
|
0-0: Ball 1-0: Foul Ball, location: 2F 1-1: Ball 2-1: Ball 3-1: Base on Balls Travis Ezell to second
|
Batting: RHB Mark Joseph
|
0-0: Called Strike 0-1: Foul Ball, location: 2F 0-2: Ball 1-2: SINGLE (Groundball, 56D) Travis Ezell to third Greg Hansen to second Runner from 3rd tries for Home, SAFE, no throw or cutoff
|
Batting: LHB Jeff Barnes
|
0-0: Ball 1-0: Ball 2-0: Fly out, F6 (Popup, 6D)
|
Top of the 3rd over - 2 run(s), 3 hit(s), 0 error(s), 2 left on base; Texas Tech 2 - Clemson 1 |
BOTTOM OF THE 3RD |
Clemson Tigers batting - Pitching for Texas Tech Red Raiders : RHP Jorge Ramírez
|
Batting: RHB Wayne Scott
|
0-0: Foul Ball, location: 2F 0-1: Called Strike 0-2: Ball 1-2: Ball 2-2: SINGLE (Groundball, 4M)
|
Batting: SHB Kenneth Cruz
|
0-0: Ball Wayne Scott is caught stealing 2nd base 1-0: Called Strike 1-1: Ball 2-1: Ball 3-1: Base on Balls
|
Batting: LHB Wally Harris
|
0-0: Ball 1-0: Fly out, F7 (Line Drive, 78S)
|
Batting: RHB Leonard Harris
|
0-0: Ball 1-0: Foul Ball, location: 2F 1-1: Foul Ball, location: 2F 1-2: Ball 2-2: Foul Ball, location: 2F 2-2: Foul Ball, location: 2F 2-2: Foul Ball, location: 2F 2-2: Fielders Choice at 2nd, 5-4 (Groundball, 5)
|
Bottom of the 3rd over - 0 run(s), 1 hit(s), 0 error(s), 0 left on base; Texas Tech 2 - Clemson 1 |
TOP OF THE 4TH |
Texas Tech Red Raiders batting - Pitching for Clemson Tigers : RHP Jaime Molaya
|
Batting: RHB Gary Miller
|
0-0: Foul Ball, location: 2F 0-1: Ball 1-1: Foul Ball, location: 2F 1-2: Ball 2-2: Strikes out looking
|
Batting: RHB Eliot James
|
0-0: Called Strike 0-1: Ball 1-1: Foul Ball, location: 2F 1-2: Ball 2-2: Strikes out looking
|
Batting: SHB Andrés Cruz
|
0-0: Called Strike 0-1: Fly out, F9 (Line Drive, 9M)
|
Top of the 4th over - 0 run(s), 0 hit(s), 0 error(s), 0 left on base; Texas Tech 2 - Clemson 1 |
BOTTOM OF THE 4TH |
Clemson Tigers batting - Pitching for Texas Tech Red Raiders : RHP Jorge Ramírez
|
Batting: LHB Peter Puckett
|
0-0: Foul Ball, location: 2F 0-1: Ball 1-1: Swinging Strike 1-2: Ball 2-2: Foul Ball, location: 2F 2-2: Ground out U3 (Groundball, 3S)
|
Batting: LHB Frank Vázquez
|
0-0: Swinging Strike 0-1: Ball 1-1: Foul Ball, location: 2F 1-2: Ball 2-2: Fly out, F6 (Popup, 56)
|
Batting: RHB James Taylor
|
0-0: Ball 1-0: Foul Ball, location: 2F 1-1: Ground out 6-3 (Groundball, 6)
|
Bottom of the 4th over - 0 run(s), 0 hit(s), 0 error(s), 0 left on base; Texas Tech 2 - Clemson 1 |
TOP OF THE 5TH |
Texas Tech Red Raiders batting - Pitching for Clemson Tigers : RHP Jaime Molaya
|
Batting: RHB Cameron Irwin
|
0-0: Ground out 6-3 (Groundball, 56)
|
Batting: SHB Mike Miller
|
0-0: Fly out, F5 (Line Drive, 5)
|
Batting: RHB Travis Ezell
|
0-0: Ball 1-0: Called Strike 1-1: Ball 2-1: Ball 3-1: Called Strike 3-2: Fly out, F8 (Flyball, 78M)
|
Top of the 5th over - 0 run(s), 0 hit(s), 0 error(s), 0 left on base; Texas Tech 2 - Clemson 1 |
BOTTOM OF THE 5TH |
Clemson Tigers batting - Pitching for Texas Tech Red Raiders : RHP Jorge Ramírez
|
Batting: RHB Armando Vega
|
0-0: Called Strike 0-1: Called Strike 0-2: Strikes out swinging
|
Batting: LHB Jeff Thompson
|
0-0: Ball 1-0: Ball 2-0: Called Strike 2-1: Foul Ball, location: 2F 2-2: SINGLE (Groundball, 34D)
|
Batting: RHB Wayne Scott
|
0-0: Foul Ball, location: 2F 0-1: Fly out, F2 (Popup, 25F)
|
Batting: SHB Kenneth Cruz
|
0-0: Ball 1-0: Ball 2-0: Swinging Strike 2-1: Foul Ball, location: 2F 2-2: Ball 3-2: Base on Balls Jeff Thompson to second
|
Batting: LHB Wally Harris
|
0-0: Called Strike 0-1: Ball 1-1: Called Strike 1-2: Ball 2-2: Foul Ball, location: 2F 2-2: Fielders Choice at 2nd, U6 (Groundball, 6M)
|
Bottom of the 5th over - 0 run(s), 1 hit(s), 0 error(s), 2 left on base; Texas Tech 2 - Clemson 1 |
TOP OF THE 6TH |
Texas Tech Red Raiders batting - Pitching for Clemson Tigers : RHP Jaime Molaya
|
Pitching: RHP Jaime De Los Santos
|
|
Batting: RHB Greg Hansen
|
0-0: Ball 1-0: Ball 2-0: Swinging Strike 2-1: Ball 3-1: Called Strike 3-2: Foul Ball, location: 2F 3-2: Fly out, F8 (Flyball, 78XD)
|
Batting: RHB Mark Joseph
|
0-0: Ball 1-0: Swinging Strike 1-1: Ball 2-1: Called Strike 2-2: Foul Ball, location: 2F 2-2: Fly out, F5 (Line Drive, 56)
|
Batting: LHB Jeff Barnes
|
0-0: Called Strike 0-1: Ball 1-1: Foul Ball, location: 2F 1-2: Strikes out swinging
|
Top of the 6th over - 0 run(s), 0 hit(s), 0 error(s), 0 left on base; Texas Tech 2 - Clemson 1 |
BOTTOM OF THE 6TH |
Clemson Tigers batting - Pitching for Texas Tech Red Raiders : RHP Jorge Ramírez
|
Pitching: LHP Dan Marshall
|
|
Batting: RHB Leonard Harris
|
0-0: Fly out, F7 (Line Drive, 78XD)
|
Batting: LHB Peter Puckett
|
0-0: Called Strike 0-1: Fly out, F8 (Flyball, 8RM)
|
Batting: LHB Frank Vázquez
|
0-0: Called Strike 0-1: Called Strike 0-2: Ball 1-2: SOLO HOME RUN (Flyball, 9D), Distance : 369 ft
|
Batting: RHB James Taylor
|
0-0: Foul Ball, location: 2F 0-1: Reached on error, E2 (Groundball, 23)
|
Batting: RHB Armando Vega
|
0-0: Swinging Strike 0-1: Called Strike 0-2: Ball 1-2: Strikes out swinging
|
Bottom of the 6th over - 1 run(s), 1 hit(s), 1 error(s), 1 left on base; Texas Tech 2 - Clemson 2 |
TOP OF THE 7TH |
Texas Tech Red Raiders batting - Pitching for Clemson Tigers : RHP Jaime De Los Santos
|
Batting: RHB Gary Miller
|
0-0: Called Strike 0-1: Ball 1-1: Ball 2-1: Foul Ball, location: 2F 2-2: Ball 3-2: Base on Balls
|
Batting: RHB Eliot James
|
0-0: Called Strike 0-1: Ball 1-1: Ball 2-1: Ball 3-1: Base on Balls Gary Miller to second
|
Batting: SHB Andrés Cruz
|
0-0: Called Strike 0-1: Swinging Strike 0-2: Strikes out swinging
|
Batting: RHB Cameron Irwin
|
0-0: Called Strike 0-1: Foul Ball, location: 2F 0-2: Ball 1-2: Ball 2-2: Strikes out looking
|
Pitching: RHP Emílio Torres
|
|
Batting: SHB Mike Miller
|
0-0: Ball 1-0: Called Strike 1-1: Swinging Strike 1-2: Ball 2-2: Ball 3-2: Foul Ball, location: 2F 3-2: Base on Balls Gary Miller to third Eliot James to second
|
Batting: RHB Travis Ezell
|
0-0: Ball 1-0: Fly out, F6 (Popup, 56)
|
Top of the 7th over - 0 run(s), 0 hit(s), 0 error(s), 3 left on base; Texas Tech 2 - Clemson 2 |
BOTTOM OF THE 7TH |
Clemson Tigers batting - Pitching for Texas Tech Red Raiders : LHP Dan Marshall
|
Pinch Hitting: RHB Julián García
|
0-0: Swinging Strike 0-1: Ball Reached via error on a dropped throw, E3
|
Batting: RHB Wayne Scott
|
0-0: Ball 1-0: Ball 2-0: Called Strike 2-1: Ball 3-1: Base on Balls Julián García to second
|
Batting: SHB Kenneth Cruz
|
0-0: Ball 1-0: Called Strike 1-1: Bunted foul 1-2: Strikes out looking
|
Batting: LHB Wally Harris
|
0-0: Foul Ball, location: 2F 0-1: SINGLE (Line Drive, 89M) Julián García to third Wayne Scott to second
|
Batting: RHB Leonard Harris
|
0-0: Ball 1-0: Fly out, F5 (Popup, 5SF)
|
Batting: LHB Peter Puckett
|
0-0: Fly out, F5 (Popup, 5L)
|
Bottom of the 7th over - 0 run(s), 1 hit(s), 1 error(s), 3 left on base; Texas Tech 2 - Clemson 2 |
TOP OF THE 8TH |
Texas Tech Red Raiders batting - Pitching for Clemson Tigers : RHP Emílio Torres
|
Now in RF: Aaron Thompson
|
|
Batting: RHB Greg Hansen
|
0-0: Ball 1-0: Called Strike 1-1: Ball 2-1: Swinging Strike 2-2: Ball 3-2: Foul Ball, location: 2F 3-2: Foul Ball, location: 2F 3-2: SOLO HOME RUN (Flyball, 8LXD), Distance : 404 ft
|
Batting: RHB Mark Joseph
|
0-0: Ball 1-0: Ball 2-0: Ball 3-0: Called Strike 3-1: Base on Balls
|
Batting: LHB Jeff Barnes
|
0-0: Fly out, F7 (Flyball, 78S)
|
Batting: RHB Gary Miller
|
0-0: Swinging Strike 0-1: Swinging Strike 0-2: Strikes out swinging
|
Batting: RHB Eliot James
|
0-0: Foul Ball, location: 2F 0-1: Ball 1-1: Ball 2-1: Called Strike 2-2: Ground out U3 (Groundball, 3)
|
Top of the 8th over - 1 run(s), 1 hit(s), 0 error(s), 1 left on base; Texas Tech 3 - Clemson 2 |
BOTTOM OF THE 8TH |
Clemson Tigers batting - Pitching for Texas Tech Red Raiders : LHP Dan Marshall
|
Batting: LHB Frank Vázquez
|
0-0: Ball 1-0: Called Strike 1-1: Ball 2-1: Foul Ball, location: 2F 2-2: Foul Ball, location: 2F 2-2: Strikes out looking
|
Pitching: RHP Rafael Cervantes
|
|
Batting: RHB James Taylor
|
0-0: Ball 1-0: Ground out 4-3 (Groundball, 4)
|
Pitching: RHP Juan Castro
|
|
Batting: RHB Armando Vega
|
0-0: Foul Ball, location: 2F 0-1: Ball 1-1: SINGLE (Groundball, 56D) (infield hit)
|
Batting: LHB Aaron Thompson
|
0-0: Foul Ball, location: 2F 0-1: Ball 1-1: Ground out 4-3 (Groundball, 4)
|
Bottom of the 8th over - 0 run(s), 1 hit(s), 0 error(s), 1 left on base; Texas Tech 3 - Clemson 2 |
TOP OF THE 9TH |
Texas Tech Red Raiders batting - Pitching for Clemson Tigers : RHP Emílio Torres
|
Batting: SHB Andrés Cruz
|
0-0: Ball 1-0: Called Strike 1-1: Fly out, F9 (Line Drive, 9M)
|
Batting: RHB Cameron Irwin
|
0-0: Ball 1-0: Foul Ball, location: 2F 1-1: Ball 2-1: Fly out, F6 (Popup, 56)
|
Batting: SHB Mike Miller
|
0-0: Called Strike 0-1: SINGLE (Line Drive, 56D)
|
Pitching: RHP Neil Killoch
|
|
Batting: RHB Travis Ezell
|
0-0: Ball 1-0: Foul Ball, location: 2F 1-1: Ball 2-1: Swinging Strike 2-2: SINGLE (Groundball, 6MD) Mike Miller to second
|
Batting: RHB Greg Hansen
|
0-0: Ball 1-0: Ball 2-0: Called Strike 2-1: Swinging Strike 2-2: Foul Ball, location: 2F 2-2: Ball 3-2: Foul Ball, location: 2F 3-2: Strikes out swinging
|
Top of the 9th over - 0 run(s), 2 hit(s), 0 error(s), 2 left on base; Texas Tech 3 - Clemson 2 |
BOTTOM OF THE 9TH |
Clemson Tigers batting - Pitching for Texas Tech Red Raiders : RHP Juan Castro
|
Pitching: RHP Javier Carrillo
|
|
Batting: RHB Wayne Scott
|
0-0: SINGLE (Line Drive, 4MD)
|
Batting: SHB Kenneth Cruz
|
0-0: Bunt missed! 0-1: Sac Bunt - play at first, batter OUT! 3-4 Wayne Scott to second
|
Batting: LHB Wally Harris
|
0-0: Called Strike 0-1: Ball 1-1: Ball 2-1: Ball 3-1: Base on Balls
|
Batting: RHB Leonard Harris
|
0-0: Ball 1-0: Ball 2-0: Foul Ball, location: 2F 2-1: Swinging Strike 2-2: Strikes out swinging
|
Batting: LHB Peter Puckett
|
0-0: Ball 1-0: Ball 2-0: DOUBLE (Line Drive, 9D) Wayne Scott scores Wally Harris to third Runner from 3rd tries for Home, SAFE, no throw or cutoff
|
Monday, December 5th, 2016 - OOTP Baseball 17.12 Build 75
|
|